 Dungeon Crawl Stone Soup version 0.31-a0-408-gb642c7f9a3 (webtiles) character file.

Game seed: 16590098340947981333

77 drugrobin the Sneak (level 3, -6/31 HPs)
             Began as a Demigod Delver on July 30, 2023.
             Mangled by a gnoll
             ... wielding a +0 spear
              (8 damage)
             ... on level 1 of the Dungeon.
             The game lasted 00:07:03 (1488 turns).

drugrobin the Sneak (Demigod Delver)                Turns: 1488, Time: 00:07:04

Health: -6/31      AC:  3    Str: 17    XL:     3   Next: 91%
Magic:  5/5        EV: 12    Int: 12    God:
Gold:   50         SH:  0    Dex: 15    Spells: 1/2 levels left

rFire   . . .        a - +0 hand axe
rCold   . . .        (no shield)
rNeg    . . .        h - +0 leather armour
rPois   .            q - +0 hat
rElec   .            (no cloak)
rCorr   .            (no gloves)
SInv    .            (no boots)
Will    .....        (no amulet)
Stlth   +++          (no ring)
HPRegen 0.25/turn    (no ring)
MPRegen 0.09/turn

%: no passive effects
@: no status effects
A: high MP 1, forlorn, divine attributes
a: no special abilities


You were on level 1 of the Dungeon.
You visited 1 branch of the dungeon, and saw 5 of its levels.

You collected 50 gold pieces.

Inventory:

Hand Weapons
 a - a +0 hand axe (weapon)
 b - a +0 sling
Missiles
 e - 3 boomerangs (quivered)
Armour
 h - a +0 leather armour (worn)
 q - a +0 hat (worn)
Magical Staves
 p - a staff of earth
Wands
 g - a wand of digging (1)
Scrolls
 c - 2 scrolls of fog
 d - 2 scrolls of identify {unknown}
 i - a scroll of poison {unknown}
 j - a scroll of blinking {unknown}
 k - a scroll of enchant weapon {unknown}
 l - a scroll of silence {unknown}
 m - a scroll of summoning {unknown}
 o - 2 scrolls of teleportation {unknown}
Potions
 f - a potion of haste
 n - a potion of curing {unknown}
 r - a potion of lignification {unknown}
 s - a potion of mutation {unknown}


   Skills:
 - Level 3.2 Fighting
 + Level 2.5 Axes
 - Level 2.4 Dodging
 - Level 5.0 Stealth


You had one spell level left.
You knew the following spells:

 Your Spells              Type           Power      Damage    Failure   Level
a - Sting                 Tmut/Pois      0%         1d3       38%         1

Your spell library contained the following spells:

 Spells                   Type           Power      Damage    Failure   Level
 Poisonous Vapours        Pois/Air       0%         N/A       52%         2
 Olgreb's Toxic Radiance  Pois           0%         N/A       99%         4


Dungeon Overview and Level Annotations

Branches:
Dungeon (5/15)             Temple (0/1) D:5

Annotations:
D:4 Edmund
D:5 Blork the orc


Innate Abilities, Weirdness & Mutations

You have an increased reservoir of magic. (+10% MP)
You shall have no god before yourself.
Your divine heritage dramatically boosts your attributes as you level up.


Message History

The gnoll is heavily wounded.
The gnoll hits you with a +0 spear.
You hit the gnoll but do no damage.
The gnoll is heavily wounded.
The gnoll hits you with a +0 spear.
* * * LOW HITPOINT WARNING * * *
You hit the gnoll but do no damage.
The gnoll is heavily wounded.
The gnoll closely misses you. The gnoll hits you with a +0 spear.
* * * LOW HITPOINT WARNING * * *
Unknown command.
The gnoll barely misses you.
You climb upwards.
There is a stone staircase leading down here.
Unknown command.
Okay, then.
Okay, then.
Unknown command.
Unknown command.
Unknown command.
You closely miss the gnoll.
The gnoll is heavily wounded.
The gnoll hits you with a +0 spear.
* * * LOW HITPOINT WARNING * * *
Unknown command.
Unknown command.
Okay, then.
Okay, then.
Unknown command.
Unknown command.
You hit the gnoll.
The gnoll is heavily wounded.
The gnoll closely misses you.
Unknown command.
Unknown command.
Unknown command.
You hit the gnoll.
The gnoll is almost dead.
The gnoll hits you with a +0 spear!
You die...

##÷## #.......### #######..#####
#....÷..# #............#
#.......#
#.##########.#######.......######
..# #..##.......##'##..... .##
#####..#.......##.#..#### .#
#..............##...## # .#
#......#.#.........## # .#
#......#@..######.## # .#
#......#g### #....# #### .#
#......#.# #.#### #... ##
#......#.# #.# #)##
#......#.#####.# #.#
########.......# #.#
################.# #..†..#
#......# #####.# #.######


You could see a gnoll.

Vanquished Creatures
  2 adders (D:2)
  A gnoll (D:2)
  A worm (D:3)
  2 dart slugs (D:1)
  An orc (D:3)
  2 ball pythons (D:1)
  4 bats (D:1)
  4 endoplasms
  3 giant cockroaches (D:1)
  4 goblins (D:1)
  2 hobgoblins (D:1)
  3 jackals (D:5)
  6 kobolds
  A quokka (D:1)
  A rat (D:1)
37 creatures vanquished.

Notes
Turn   | Place    | Note
-------+----------+-------------------------------------------
     0 | D:5      | drugrobin the Demigod Delver began the quest for the Orb.
     0 | D:5      | Reached XP level 1. HP: 18/18 MP: 3/3
    53 | D:5      | Noticed a jelly
   116 | D:5      | Noticed Blork the orc
   119 | D:5      | Noticed a hound
   156 | D:4      | Noticed Edmund
   269 | D:3      | Reached XP level 2. HP: 21/25 MP: 4/4
   673 | D:1      | Learned a level 1 spell: Sting
   770 | D:1      | Reached XP level 3. HP: 25/31 MP: 5/5
  1442 | D:2      | Reached skill level 5 in Stealth
  1486 | D:1      | HP: 1/31 [gnoll/+0 spear (5)]
  1488 | D:1      | Mangled by a gnoll

Illustrated notes

Levels and vault maps discovered:
D:1:      tarquinn_simple_flora_water_b, layout_basic
D:2:      layout_loops_cross, serial_shops, shop,
          hangedman_abyss_or_decor_lesser_grid
D:3:      layout_rooms, mainiacjoe_overflow_24_doors,
          chequers_ecumenical_altar_lobes
D:4:      gammafunk_wand_slinger, layout_cave_pods, uniq_edmund
D:5:      layout_basic, minmay_temple_entry_large_hall, minmay_manual_moon,
          uniq_crazy_yiuf_cottage, uniq_blork_the_orc, uniq_pikel,
          uniq_eustachio

Skill      XL: |  1  2  3 |
---------------+----------+-----
Axes           | 2 |  2.5
Dodging        | 2 |  2.4
Fighting       | 3 |  3.2
Stealth        | 5 |  5.0

Action                     || total
---------------------------++-------
  Melee: Hand axe          ||   107
         Punch             ||     1
   Fire: Sling             ||    32
  Throw: Boomerang         ||     4
  Evoke: Wand              ||     2
    Use: Scroll            ||     2
   Stab: Sleeping          ||     4
 Armour: Leather armour    ||    35
  Dodge: Dodged            ||    67

Table legend: (Time is in decaauts)
 A = Elapsed time spent in this place.
 B = Non-inter-level travel time spent in this place.
 C = Inter-level travel time spent in this place.
 D = Time resting spent in this place.
 E = Time spent auto-exploring this place.
 F = Levels seen in this place.
 G = Mean time per level.
                   A        B        C        D        E       F      G
               +--------+--------+--------+--------+--------+-----+--------+
         Total |   1514 |   1478 |     36 |    137 |    697 |   5 |  302.8 |
       Dungeon |   1514 |   1478 |     36 |    137 |    697 |   5 |  302.8 |
               +--------+--------+--------+--------+--------+-----+--------+

Top non-repeatable levels by time:
     D:1: 879 daAuts
     D:2: 248 daAuts
     D:3: 189 daAuts
     D:5: 134 daAuts
     D:4: 63 daAuts
